 Dungeon Crawl Stone Soup version 0.19.4-8-ga85b6b9 (webtiles) character file.

436 Mefis the Magician (level 6, -7/32 HPs)
             Began as a Deep Elf Wizard on Feb 13, 2017.
             Was an Initiate of Sif Muna.
             Mangled by an orc
             ... wielding a +0 dagger of electrocution
              (20 damage)
             ... on level 5 of the Dungeon.
             The game lasted 00:15:39 (7605 turns).

Mefis the Magician (Deep Elf Wizard)                Turns: 7605, Time: 00:15:39

Health: -7/32      AC:  4    Str:  4    XL:     6   Next: 69%
Magic:  1/17       EV: 13    Int: 25    God:    Sif Muna [......]
Gold:   171        SH:  0    Dex: 13    Spells: 7 memorised, 3 levels left

rFire  + . .     SeeInvis .     q - +0 club (curse)
rCold  x . .     Gourm    .     a - +0 robe
rNeg   . . .     Faith    .     (no shield)
rPois  .         Spirit   .     b - +0 hat
rElec  .         Reflect  .     (no cloak)
rCorr  .         Harm     .     l - +0 pair of gloves
MR     .....                    s - +0 pair of boots
Stlth  +++.......               (no amulet)
                                (no ring)
                                y - ring of fire

@: repel missiles
A: no striking features
a: Renounce Religion


You were on level 5 of the Dungeon.
You worshipped Sif Muna.
Sif Muna was noncommittal.
You were very hungry.

You visited 2 branches of the dungeon, and saw 6 of its levels.

You collected 171 gold pieces.

Inventory:

Hand Weapons
 n - a +0 hunting sling
 q - a cursed +0 club (weapon)
 t - a +0 dagger
 x - a +0 blowgun
Missiles
 w - 20 poisoned needles
Armour
 a - a +0 robe (worn)
 b - a +0 hat (worn)
 l - a +0 pair of gloves (worn)
 s - a +0 pair of boots (worn)
Jewellery
 y - a ring of fire (left hand)
Wands
 f - a wand of acid (14/15)
Scrolls
 e - 4 scrolls of teleportation
 g - 5 scrolls of identify
 i - a scroll of enchant armour
 j - a scroll of noise
 B - a scroll of amnesia {unknown}
Potions
 h - 2 potions of curing {unknown}
 k - a potion of magic {unknown}
 o - a potion of agility {unknown}
 p - a potion of flight {unknown}
 r - 3 potions of heal wounds {unknown}
 v - a potion of cure mutation {unknown}
 z - a potion of mutation {unknown}
 A - a potion of haste {unknown}
Books
 c - a book of Minor Magic

   Spells                             Type                      Level
   a - Magic Dart                     Conjuration                  1
   b - Blink                          Translocation                2
   c - Call Imp                       Summoning                    2
   d - Repel Missiles                 Charms/Air                   2
   e - Slow                           Hexes                        2
   f - Conjure Flame                  Conjuration/Fire             3
   g - Mephitic Cloud                 Conjuration/Poison/Air       3
 C - a Young Poisoner's Handbook

   Spells                             Type                      Level
   a - Sting                          Conjuration/Poison           1
   b - Mephitic Cloud                 Conjuration/Poison/Air       3
   c - Olgreb's Toxic Radiance        Poison                       4
   d - Alistair's Intoxication        Transmutation/Poison         5
   e - Venom Bolt                     Conjuration/Poison           5
Comestibles
 d - 4 bread rations
 m - a royal jelly
 u - a beef jerky
 D - a meat ration


   Skills:
 + Level 3.4 Dodging
 - Level 4.4 Stealth
 + Level 6.5 Spellcasting
 + Level 2.8 Conjurations
 + Level 0.3 Hexes
 + Level 0.0 Charms
 + Level 1.1 Summonings
 + Level 1.1 Translocations
 + Level 2.4 Air Magic
 - Level 2.0 Poison Magic
 - Level 1.2 Invocations
 + Level 0.4 Evocations


You had 3 spell levels left.
You knew the following spells:

 Your Spells              Type           Power        Failure   Level  Hunger
a - Magic Dart            Conj           ###.         2%          1    None
b - Call Imp              Summ           ##......     10%         2    None
c - Blink                 Tloc           N/A          10%         2    None
d - Repel Missiles        Chrm/Air       ##....       10%         2    None
e - Mephitic Cloud        Conj/Pois/Air  ###.....     10%         3    None
f - Conjure Flame         Conj/Fire      ###.....     12%         3    None
g - Slow                  Hex            #.......     12%         2    None


Dungeon Overview and Level Annotations

Branches:
Dungeon (5/15)             Temple (1/1) D:4

Altars:
Ashenzari
Cheibriados
Dithmenos
Fedhas
Hepliaklqana
Kikubaaqudgha
Makhleb
Nemelex Xobeh
Okawaru
Qazlal
Ru
Sif Muna
Trog
Uskayaw
Vehumet
Xom
Zin
The Shining One

Annotations:
D:3 Paps's ghost, weakling OgFi


Message History

You hit the orc.
The orc is moderately wounded.
The orc closely misses you.
You barely miss the orc.
The orc is moderately wounded.
The orc hits you but does no damage. The orc closely misses you.
You hit the orc but do no damage.
The orc is moderately wounded.
The orc hits you but does no damage.
You are electrocuted!
You hit the orc but do no damage.
The orc is moderately wounded.
The orc barely misses you.
You hit the orc.
The orc is severely wounded.
The orc hits you with a dagger of electrocution.
You closely miss the orc.
The orc is severely wounded.
The orc hits you but does no damage.
You are electrocuted!
Ouch! That really hurt!
You die...

≈.................#....#.#.#.#
.......................#.#.#.#
≈≈≈≈......#.....#<#..#...#.#.#
≈≈≈≈......#....####..#####.#.#
≈≈≈.≈.((..#....'..#........#.#
≈≈PP≈.....#....##.#.########.#
≈≈≈≈≈≈....#....##.#.########.#
≈≈≈≈≈≈....#....##.#..........#
≈≈≈≈≈≈≈........o@.############
≈≈≈≈≈≈≈..##########
.≈≈≈≈≈...o.# ≈≈≈≈≈≈§.§.)#
≈≈≈≈≈≈...........
.≈≈≈≈≈..###...... .≈≈≈≈≈...
..)... ≈≈P5≈.... #####
.P≈≈≈....


You could see an orc.

Vanquished Creatures
  A sky beast (D:4)
  A scorpion (D:4)
  An orc priest (D:3)
  A bullfrog skeleton (D:4)
  An iguana (D:4)
  2 orc wizards (D:4)
  A killer bee zombie (D:5)
  4 adders
  2 oozes
  An adder skeleton (D:5)
  2 worms
  2 dart slugs
  2 leopard geckos
  12 orcs
  4 goblins
  2 hobgoblins
  7 kobolds
  A quokka (D:2)
  4 ball pythons
  5 bats
  3 frilled lizards
  6 rats
65 creatures vanquished.

Vanquished Creatures (collateral kills)
  A hound (D:3)
  A worm (D:2)
  A leopard gecko (D:1)
  3 jackals (D:2)
6 creatures vanquished.

Grand Total: 71 creatures vanquished

Notes
Turn   | Place    | Note
-------+----------+-------------------------------------------
     0 | D:1      | Mefis the Deep Elf Wizard began the quest for the Orb.
     0 | D:1      | Reached XP level 1. HP: 10/10 MP: 7/7
   137 | D:1      | You fall through a shaft!
   447 | D:2      | Found a deep blue altar of Sif Muna.
   450 | D:2      | Became a worshipper of Sif Muna the Loreminder
   593 | D:1      | Reached XP level 2. HP: 13/15 MP: 4/9
   597 | D:1      | Learned a level 2 spell: Call Imp
   600 | D:1      | Learned a level 2 spell: Blink
   603 | D:1      | Learned a level 2 spell: Repel Missiles
  1618 | D:2      | Reached XP level 3. HP: 19/19 MP: 1/11
  1623 | D:2      | Learned a level 3 spell: Mephitic Cloud
  1878 | D:3      | Noticed Paps's ghost (weakling OgFi)
  2008 | D:2      | Reached skill level 5 in Spellcasting
  2095 | D:3      | Reached skill level 1 in Air Magic
  2110 | D:2      | Reached XP level 4. HP: 24/24 MP: 1/13
  2198 | D:3      | Noticed a phantom
  3994 | D:3      | Found a radiant altar of Vehumet.
  4335 | D:3      | Learned a level 3 spell: Conjure Flame
  4472 | D:4      | Reached skill level 1 in Invocations
  4472 | D:4      | Reached XP level 5. HP: 28/28 MP: 12/15
  4574 | D:4      | Reached skill level 1 in Poison Magic
  4816 | D:4      | Reached skill level 6 in Spellcasting
  4939 | D:4      | Found a staircase to the Ecumenical Temple.
  5623 | D:4      | Reached XP level 6. HP: 32/32 MP: 6/17
  6138 | D:4      | Found a glowing golden altar of the Shining One.
  6855 | D:5      | Entered Level 5 of the Dungeon
  6855 | D:5      | Noticed a sky beast
  6880 | Temple   | Entered the Ecumenical Temple
  7138 | D:4      | Killed a sky beast
  7238 | D:5      | Found a shimmering altar of Xom.
  7277 | D:5      | Found a shimmering altar of Xom.
  7311 | D:5      | Learned a level 2 spell: Slow
  7459 | D:5      | Found a shimmering altar of Xom.
  7459 | D:5      | Found a shimmering altar of Xom.
  7459 | D:5      | Found a shimmering altar of Xom.
  7463 | D:5      | Found a shimmering altar of Xom.
  7463 | D:5      | Found a shimmering altar of Xom.
  7605 | D:5      | Mangled by an orc

Skill      XL: |  1  2  3  4  5  6 |
---------------+-------------------+-----
Stealth        | 3 4 |  4.4
Spellcasting   | 5 6 |  6.5
Conjurations   | 2 |  2.8
Air Magic      | 1 2 |  2.4
Invocations    | 1 |  1.2
Dodging        | 3 |  3.4
Poison Magic   | 1 2 |  2.0
Hexes          | |  0.3
Summonings     | |  1.1
Translocations | |  1.1
Evocations     | |  0.4

Action                   |  1- 3 |  4- 6 || total
-------------------------+-------+-------++-------
Melee: Club              |     6 |    19 ||    25
 Cast: Magic Dart        |    78 |   171 ||   249
       Call Imp          |     9 |    18 ||    27
       Repel Missiles    |     1 |     1 ||     2
       Mephitic Cloud    |     1 |     9 ||    10
       Blink             |     1 |     3 ||     4
       Conjure Flame     |       |     3 ||     3
  Use: Scroll            |       |     3 ||     3
 Stab: Confused          |       |     2 ||     2
  Eat: Chunk             |     3 |     6 ||     9
       Meat ration       |       |     2 ||     2
Armor: Robe              |     5 |    17 ||    22
Dodge: Dodged            |    24 |    51 ||    75
       Deflected         |     1 |     4 ||     5
